 Dungeon Crawl Stone Soup version 0.28-b1-1-g3c77fb2ed1 (webtiles) character file.

Game seed: 2282087256523919234

314 Minsecho the Conjurer (level 6, -3/48 HPs)
             Began as a Draconian Conjurer on Jan 29, 2022.
             Slain by Duvessa (12 damage)
             ... on level 4 of the Dungeon.
             The game lasted 00:08:56 (3984 turns).

Minsecho the Conjurer (Draconian Conjurer)          Turns: 3984, Time: 00:08:57

Health: -3/48      AC: 12    Str:  9    XL:     6   Next: 19%
Magic:  10/10      EV: 12    Int: 25    God:
Gold:   78         SH:  0    Dex: 11    Spells: 5/11 levels left

rFire   . . .      SeeInvis .   e - +2 dagger (speed)
rCold   . . .      Faith    .   (no shield)
rNeg    . . .      Spirit   .   (armour unavailable)
rPois   .          Reflect  .   (helmet restricted)
rElec   .          Harm     .   t - +0 cloak
rCorr   .          Rampage  .   d - +0 pair of gloves
Will    .....                   (no boots)
Stlth   ++........              f - amulet of regeneration
HPRegen 0.96/turn               h - +6 ring of intelligence
MPRegen 0.12/turn               k - +4 ring of protection

@: about to teleport
A: AC +6, unfitting armour, cold-blooded
a: no special abilities


You were on level 4 of the Dungeon.
You visited 1 branch of the dungeon, and saw 4 of its levels.

You collected 138 gold pieces.
You spent 60 gold pieces at shops.

Inventory:

Hand Weapons
 e - a +2 dagger of speed (weapon)
Armour
 d - a +0 pair of gloves (worn)
 t - a +0 cloak (worn)
Jewellery
 f - an amulet of regeneration (around neck)
 h - a +6 ring of intelligence (left hand)
 k - a +4 ring of protection (right hand)
 p - an amulet of the acrobat
Scrolls
 a - 5 scrolls of identify
 c - a scroll of amnesia
 i - a scroll of acquirement
 n - 2 scrolls of fear
 q - a scroll of silence {unknown}
 s - a scroll of noise {unknown}
 u - a scroll of holy word {unknown}
Potions
 b - 2 potions of magic
 m - a potion of might {unknown}
 o - a potion of haste {unknown}
 r - a potion of ambrosia {unknown}


   Skills:
 + Level 1.7 Fighting
 + Level 2.5 Short Blades
 + Level 2.8 Dodging
 + Level 2.1 Stealth
 + Level 0.3 Unarmed Combat
 + Level 3.1 Spellcasting
 + Level 5.2 Conjurations
 + Level 0.1 Hexes
 + Level 0.3 Ice Magic


You had 5 spell levels left.
You knew the following spells:

 Your Spells              Type           Power      Damage    Failure   Level
a - Magic Dart            Conj           100%       1d8       1%          1
b - Dazzling Flash        Conj/Hex       34%        N/A       10%         3
c - Ensorcelled Hibernat  Hex/Ice        10%        N/A       14%         2

Your spell library contained the following spells:

 Spells                   Type           Power      Damage    Failure   Level
 Searing Ray              Conj           60%        2d6       1%          2
 Blink                    Tloc           6%         N/A       16%         2
 Corpse Rot               Necr/Air       6%         N/A       16%         2
 Passwall                 Tmut/Erth      2%         N/A       16%         2
 Poisonous Vapours        Pois/Air       6%         N/A       16%         2
 Swiftness                Air            3%         N/A       30%         3
 Fulminant Prism          Conj/Hex       8%         3d7       32%         4
 Iskenderun's Mystic Bla  Conj/Tloc      16%        2d5       34%         4
 Manifold Assault         Tloc           3%         N/A       95%         5
 Storm Form               Tmut/Air       1%         N/A       100%        7


Dungeon Overview and Level Annotations

Branches:
Dungeon (4/15)
 Temple: D:4-7

Altars:
Elyvilon

Shops:
D:1 ?   D:3 !

Annotations:
D:4 Duvessa


Innate Abilities, Weirdness & Mutations

Your plain brown scales are hard. (AC +6)
You cannot fit into any form of body armour.
You are cold-blooded and may be slowed by cold attacks.


Message History

The magic dart hits Duvessa.
Duvessa is lightly wounded.
Duvessa closely misses you.
You aren't carrying any items that you can evoke.
As you read the scroll labelled CIQESHR DEERELL, it crumbles to dust.
It is a scroll of identify.
b - 2 potions of magic Duvessa hits you with a +0 short sword.
Duvessa misses you.
As you read the scroll labelled CUXUT LEUSIF, it crumbles to dust.
It is a scroll of amnesia.
Really abort (and waste the scroll)? [Y]es or [N]o only, please.
Really abort (and waste the scroll)? [Y]es or [N]o only, please.
Really abort (and waste the scroll)? [Y]es or [N]o only, please.
Really abort (and waste the scroll)?
Really abort (and waste the scroll)?
Okay, then.
Duvessa hits you with a +0 short sword!
* * * LOW HITPOINT WARNING * * *
As you read the scroll labelled SIASHA NUSTYNA, it crumbles to dust.
You assume a fearsome visage.
Duvessa is unaffected.
It was a scroll of fear.
Duvessa misses you. Duvessa hits you with a +0 short sword.
* * * LOW HITPOINT WARNING * * *
Okay, then.
You feel much better. Duvessa hits you but does no damage.
This is a scroll of acquirement!
Something appears at your feet! Duvessa hits you but does no damage. x2
As you read the scroll labelled HUINO TIHULAYBUINE, it crumbles to dust.
Your body is wracked with pain!
* * * LOW HITPOINT WARNING * * *
Duvessa convulses!
It was a scroll of torment.
Duvessa hits you with a +0 short sword.
* * * LOW HITPOINT WARNING * * *
Okay, then.
As you read the scroll labelled RONOXELUMA, it crumbles to dust.
You feel strangely unstable.
It was a scroll of teleportation.
Duvessa hits you with a +0 short sword!
You die...

#.#.....#.##................
#.........##.........#######
#.#.⌠.⌠.#.#####...####
#...........# #...#
#.#.....#...# #...#
#...........# #..####
###<#.#####.###.....## #...#
#.e....###.## #.### #@###.##
##.###### #..## #..# #.#
#....... #...###...# #.#
#.###### #.........# ##.
#.## # #####.##### # ..# #
#.# ### # ##)#### # #....>#
# #..o#.# #


You could see Duvessa (berserk).

Vanquished Creatures
  A hornet zombie (D:4)
  Dowan (D:4)
  An iguana (D:4)
  A howler monkey skeleton (D:4)
  2 adders
  4 gnolls
  A worm (D:4)
  2 dart slugs
  4 orcs (D:4)
  9 endoplasms
  7 hobgoblins
  7 jackals
  4 kobolds
  5 quokkas
  6 ball pythons
  6 bats
  3 frilled lizards (D:2)
  3 goblins
  A jackal skeleton (D:4)
  2 rats (D:1)
70 creatures vanquished.

Notes
Turn   | Place    | Note
-------+----------+-------------------------------------------
     0 | D:1      | Minsecho the Draconian Conjurer began the quest for the
                  | Orb.
     0 | D:1      | Reached XP level 1. HP: 14/14 MP: 3/3
   489 | D:1      | Reached XP level 2. HP: 16/20 MP: 1/5
   893 | D:1      | Found Apnamp's Magic Scroll Shop.
  1289 | D:1      | Found a faded altar of an unknown god.
  1539 | D:2      | Reached XP level 3. HP: 26/26 MP: 1/6
  1771 | D:2      | You fall into a shaft and drop 2 floors!
  1951 | D:3      | Found Xeqagi's Distillery.
  1966 | D:3      | Bought a potion of heal wounds for 60 gold pieces
  1989 | D:2      | Reached skill level 5 in Conjurations
  1989 | D:2      | Reached XP level 4. HP: 33/33 MP: 2/7
  2238 | D:2      | Learned a level 3 spell: Dazzling Flash
  2241 | D:2      | Learned a level 2 spell: Ensorcelled Hibernation
  3107 | D:3      | Reached skill level 1 in Short Blades
  3168 | D:4      | Found a white marble altar of Elyvilon.
  3231 | D:4      | Reached skill level 1 in Fighting
  3253 | D:4      | Reached XP level 5. HP: 29/40 MP: 8/8
  3328 | D:4      | Noticed Duvessa
  3328 | D:4      | Noticed Dowan
  3619 | D:4      | HP: 2/40 [hornet zombie (10)]
  3831 | D:4      | Reached XP level 6. HP: 47/47 MP: 10/10
  3886 | D:4      | Killed Dowan
  3982 | D:4      | Identified 2 scrolls of acquirement
  3982 | D:4      | Acquired the +3 buckler of Meonar {rF+}
  3984 | D:4      | Slain by Duvessa

Illustrated notes

Levels and vault maps discovered:
D:1:      tarquinn_simple_flora_water_d, layout_loops_ring,
          ebering_ecumenical_altar_rust, serial_shops, nicolae_shop_waterfront
D:2:      layout_basic, minmay_misc_feat_nine_boxes
D:3:      layout_basic, serial_shops, shop,
          hangedman_abyss_or_decor_lesser_grid, minmay_puff
D:4:      layout_loops_ring, elyvilon_altar_5, item_on_display_a, uniq_duvessa

Skill      XL: |  1  2  3  4  5 |
---------------+----------------+-----
Dodging        | 2 |  2.8
Conjurations   | 5 |  5.2
Stealth        | 2 |  2.1
Short Blades   | 1 2 |  2.5
Fighting       | 1 |  1.7
Spellcasting   | 3 |  3.1
Unarmed Combat | |  0.3
Hexes          | |  0.1
Ice Magic      | |  0.3

Action                   |  1- 3 |  4- 6 || total
-------------------------+-------+-------++-------
Melee: Unarmed           |    33 |       ||    33
       Punch             |     1 |     2 ||     3
       Dagger            |    45 |   230 ||   275
       Tailslap          |     7 |    29 ||    36
 Cast: Magic Dart        |    67 |    30 ||    97
       Ensorcelled Hiber |       |     2 ||     2
       Dazzling Flash    |       |     2 ||     2
  Use: Potion            |       |     2 ||     2
       Scroll            |       |     6 ||     6
 Stab: Sleeping          |       |     1 ||     1
Armor: Skin              |    25 |    64 ||    89
Dodge: Dodged            |    66 |   119 ||   185
